 Dungeon Crawl Stone Soup version 0.19.5 (webtiles) character file.

126 QuCean the Chopper (level 4, -3/41 HPs)
             Began as a Minotaur Berserker on May 3, 2017.
             Was a Believer of Trog.
             Slain by a hound (4 damage)
             ... on level 4 of the Dungeon.
             The game lasted 00:04:20 (668 turns).

QuCean the Chopper (Minotaur Berserker)              Turns: 668, Time: 00:04:21

Health: -3/41      AC:  2    Str: 23    XL:     4   Next: 83%
Magic:  3/3        EV: 13    Int:  4    God:    Trog [**....]
Gold:   84         SH:  0    Dex:  9    Spells: 0 memorised, 3 levels left

rFire  . . .     SeeInvis .     a - +0 hand axe
rCold  . . .     Gourm    .     b - +0 animal skin
rNeg   . . .     Faith    .     (no shield)
rPois  .         Spirit   .     (helmet restricted)
rElec  .         Reflect  .     (no cloak)
rCorr  .         Harm     .     (no gloves)
MR     .....                    (no boots)
Stlth  +.........               (no amulet)
                                (no ring)
                                (no ring)

@: exhausted, slowed, very slow
A: retaliatory headbutt, horns 2
a: Berserk, Trog's Hand, Burn Spellbooks, Renounce Religion


You were on level 4 of the Dungeon.
You worshipped Trog.
Trog was pleased with you.
You were very hungry.

You visited 1 branch of the dungeon, and saw 4 of its levels.

You collected 84 gold pieces.

Inventory:

Hand Weapons
 a - a +0 hand axe (weapon)
Armour
 b - a +0 animal skin (worn)
Scrolls
 g - a scroll of teleportation
Comestibles
 c - 2 bread rations
 d - 2 chunks of flesh
 f - a slice of pizza
 h - a meat ration


   Skills:
 + Level 4.7 Fighting
 + Level 5.1 Axes
 + Level 2.8 Armour
 + Level 3.1 Dodging
 + Level 0.5 Stealth


You had 3 spell levels left.
You didn't know any spells.

Dungeon Overview and Level Annotations

Branches:
Dungeon (4/15)
 Temple: D:4-7

Altars:
Ashenzari
Elyvilon
Makhleb
Sif Muna
Trog


Innate Abilities, Weirdness & Mutations

You reflexively headbutt those who attack you in melee.
You have a pair of horns on your head.


Message History

The hound is moderately wounded.
The hound barely misses you. You furiously retaliate!
You headbutt the hound, but do no damage.
The hound closely misses you. You furiously retaliate!
You headbutt the hound. You hit the hound but do no damage.
The hound is heavily wounded.
The hound bites you.
* * * LOW HITPOINT WARNING * * *
The hound bites you.
* * * LOW HITPOINT WARNING * * *
The hound bites you.
* * * LOW HITPOINT WARNING * * *
You hit the hound.
The hound is severely wounded.
The hound barely misses you. The hound bites you.
* * * LOW HITPOINT WARNING * * *
You hit the hound but do no damage.
The hound is severely wounded.
The hound bites you.
You die...

##..##...#
#.#.##...# .. . ##
##.###...###.### . .
................#..#
..####.......# #.#.
........###### #..
#.#####.# #.# #
#.########h#
#<=..?[)..@#
#.########.....#
...# #.##### #####
#.# #.# #.# #.# #.#


You could see a hound.

Vanquished Creatures
  A hound (D:4)
  2 orc wizards (D:4)
  3 leopard geckos
  3 orcs (D:4)
  2 ball pythons
  2 giant cockroaches
  6 jackals (D:1)
  A quokka (D:2)
  4 bats
  7 frilled lizards (D:1)
  2 goblins
  4 kobolds
  A rat (D:3)
  2 plants (D:1)
40 creatures vanquished.

Notes
Turn   | Place    | Note
-------+----------+-------------------------------------------
     0 | D:1      | QuCean the Minotaur Berserker began the quest for the Orb.
     0 | D:1      | Reached XP level 1. HP: 19/19 MP: 0/0
    10 | D:1      | Reached skill level 4 in Axes
    11 | D:1      | Reached XP level 2. HP: 23/27 MP: 1/1
   126 | D:1      | You fall through a shaft!
   126 | D:2      | Found a white marble altar of Elyvilon.
   269 | D:2      | Reached ** piety under Trog
   287 | D:2      | Found a faded altar of an unknown god.
   296 | D:2      | Reached XP level 3. HP: 33/33 MP: 2/2
   354 | D:2      | You fall through a shaft!
   516 | D:4      | Found a deep blue altar of Sif Muna.
   518 | D:4      | Found a bloodstained altar of Trog.
   549 | D:4      | Found a shattered altar of Ashenzari.
   606 | D:4      | Found a burning altar of Makhleb.
   647 | D:4      | Reached skill level 5 in Axes
   647 | D:4      | Reached XP level 4. HP: 22/41 MP: 3/3
   666 | D:4      | HP: 2/41 [hound (1)]
   668 | D:4      | Slain by a hound

Skill      XL: |  1  2  3  4 |
---------------+-------------+-----
Axes           | 4 5 |  5.1
Fighting       | 4 |  4.7
Dodging        | 3 |  3.1
Armour         | |  2.8
Stealth        | |  0.5

Action                   |  1- 3 |  4- 6 || total
-------------------------+-------+-------++-------
Melee: Hand axe          |    67 |    15 ||    82
       Headbutt          |    19 |     2 ||    21
Invok: Berserk           |     1 |     1 ||     2
  Use: Scroll            |     2 |       ||     2
 Stab: Sleeping          |     1 |       ||     1
Armor: Animal skin       |    20 |     2 ||    22
Dodge: Dodged            |    45 |     9 ||    54
